AoeStats
← Tequila Sunset

Arena

505405883Analyzed
4v4 RM · 23d ago on Sep 9, 2026· 50m 30s· 8 players
Game mode
Random Map
Map size
Large (8 player)
Population
200
Speed
Normal
Resources
Standard
Victory
Conquest
Starting age
Dark Age
Ending age
Imperial Age
RankedLock teamsTeams togetherTeam positionsShared explorationLock speedFull tech treeHidden civsTurbo modeCheats
Victory
Defeat
🇧🇪 Franks · Belgium
1647
+9
🇦🇷 Khmer · Argentina
1570
+11
🇻🇳 Hindustanis · Vietnam
1396
+18
🇦🇷 Vietnamese · Argentina
1382
+19
🇨🇳 Hindustanis · China
1494
-16
🇨🇳 Vietnamese · China
1477
-15
🇨🇳 Wu · China
1457
-14
🇨🇳 Mongols · China
1414
-12
冷吃兔
10:07 Feudal Age
13:39 Castle Age
11:57 Double-Bit Axe
12:26 Horse Collar
14:48 Wheelbarrow
14:30 Bow Saw
15:38 Bow Saw
19:57 Heavy Plow
24:02 Loom
27:29 Imperial Age
25:23 Gold Mining
26:48 Forging
26:43 Scale Barding Armor
27:00 Hand Cart
27:30 Scale Barding Armor
27:48 Bloodlines
27:38 Husbandry
28:18 Iron Casting
27:42 Heavy Camel Rider
28:45 Conscription
29:29 Chain Barding Armor
30:09 Blast Furnace
30:38 Two-Man Saw
30:39 Blast Furnace
30:46 Blast Furnace
31:22 Grand Trunk Road
32:04 Plate Barding Armor
32:31 Chemistry
32:42 Fletching
33:24 Coinage
32:54 Caravan
33:05 Imperial Camel Rider
37:25 Ballistics
37:10 Siege Engineers
38:44 Gold Shaft Mining
37:59 Stone Mining
40:50 Light Cavalry
46:00 Hoardings
47:16 Padded Archer Armor
47:16 Scale Mail Armor
Knight Orange
10:48 Feudal Age
14:28 Castle Age
12:41 Double-Bit Axe
13:06 Horse Collar
16:01 Bow Saw
19:42 Fletching
22:37 Bodkin Arrow
27:41 Wheelbarrow
28:00 Sanctity
29:26 Ballistics
32:37 Imperial Age
29:54 Loom
30:28 Padded Archer Armor
30:57 Gold Mining
31:33 Ballistics
33:04 Leather Archer Armor
33:17 Hand Cart
33:20 Bracer
34:29 Chemistry
34:10 Elite Fire Archer
35:33 Conscription
36:45 Red Cliffs Tactics
37:49 Red Cliffs Tactics
37:54 Sitting Tiger
38:45 Scale Mail Armor
38:55 Forging
41:47 Masonry
45:39 Chain Mail Armor
45:59 Iron Casting
44:45 Pikeman
45:26 Squires
46:26 Halberdier
47:40 Plate Mail Armor
48:57 Herbal Medicine
49:36 Heavy Plow
49:23 Town Watch
三千
10:12 Feudal Age
14:18 Castle Age
12:45 Double-Bit Axe
15:28 Bow Saw
17:21 Loom
21:26 Wheelbarrow
21:34 Fletching
22:43 Padded Archer Armor
22:58 Bodkin Arrow
23:59 Gold Mining
23:52 Horse Collar
30:08 Imperial Age
27:56 Stone Mining
28:25 Leather Archer Armor
28:39 Ballistics
28:40 Scale Mail Armor
29:04 Hand Cart
28:34 Town Watch
29:31 Forging
29:41 Pikeman
30:23 Squires
30:52 Bracer
31:55 Chemistry
31:46 Elite Rattan Archer
33:00 Paper Money
33:08 Thumb Ring
34:39 Ring Archer Armor
34:24 Chain Mail Armor
34:30 Halberdier
37:42 Plate Mail Armor
37:47 Iron Casting
41:10 Two-Man Saw
42:38 Elite Skirmisher
44:45 Heavy Plow
47:54 Imperial Skirmisher
很蓝的啦
9:32 Feudal Age
11:30 Double-Bit Axe
14:26 Castle Age
12:49 Horse Collar
15:28 Heavy Plow
16:09 Bow Saw
17:15 Wheelbarrow
23:30 Loom
26:19 Stone Mining
26:20 Gold Mining
27:41 Stone Shaft Mining
28:15 Hand Cart
27:45 Town Watch
29:24 Gold Shaft Mining
29:25 Fletching
29:35 Padded Archer Armor
30:07 Nomads
32:39 Imperial Age
30:10 Town Patrol
30:29 Bodkin Arrow
30:49 Leather Archer Armor
31:19 Ballistics
31:09 Masonry
32:15 Thumb Ring
32:52 Scale Barding Armor
33:06 Forging
33:09 Bloodlines
32:59 Husbandry
32:49 Elite Mangudai
33:32 Bracer
34:38 Chemistry
33:44 Siege Engineers
34:08 Parthian Tactics
33:45 Light Cavalry
36:11 Chain Barding Armor
36:21 Conscription
38:39 Iron Casting
40:40 Blast Furnace
41:15 Onager
43:36 Heavy Cavalry Archer
45:08 Drill
46:26 Siege Onager
Tequila Sunset
10:22 Feudal Age
13:14 Castle Age
11:30 Double-Bit Axe
11:55 Horse Collar
14:25 Bow Saw
19:35 Wheelbarrow
20:10 Gold Mining
20:28 Loom
23:27 Scale Barding Armor
24:47 Chain Barding Armor
26:34 Husbandry
27:20 Bloodlines
31:48 Fletching
34:53 Imperial Age
34:53 Hand Cart
35:37 Scale Mail Armor
36:13 Plate Barding Armor
36:45 Elite Ballista Elephant
38:01 Ballistics
38:42 Chemistry
37:48 Double Crossbow
42:32 Conscription
42:25 Light Cavalry
43:17 Forging
43:28 Town Watch
44:05 Hussar
46:57 Caravan
Showbizz V3sk
9:37 Feudal Age
13:38 Castle Age
12:12 Double-Bit Axe
14:43 Bow Saw
20:33 Fervor
21:03 Gold Mining
22:56 Wheelbarrow
22:31 Loom
23:21 Scale Barding Armor
24:19 Gold Shaft Mining
23:35 Stone Mining
25:36 Husbandry
28:37 Hand Cart
31:07 Imperial Age
30:10 Town Watch
30:58 Forging
31:09 Chain Barding Armor
31:54 Chivalry
32:15 Conscription
31:19 Cavalier
33:08 Chemistry
33:20 Plate Barding Armor
33:21 Iron Casting
32:57 Paladin
35:18 Blast Furnace
38:13 Hoardings
38:18 Fletching
38:54 Bodkin Arrow
39:21 Ballistics
39:12 Masonry
42:17 Town Patrol
46:21 Siege Engineers
46:46 Architecture
49:34 Padded Archer Armor
都挺好
10:54 Feudal Age
14:41 Castle Age
12:30 Double-Bit Axe
12:50 Horse Collar
13:07 Loom
15:51 Bow Saw
15:45 Heavy Plow
17:29 Fletching
20:06 Padded Archer Armor
21:47 Leather Archer Armor
29:35 Imperial Age
28:26 Wheelbarrow
27:37 Town Watch
28:03 Gold Mining
28:40 Stone Mining
32:43 Chemistry
31:55 Fortified Wall
36:21 Hand Cart
37:49 Bodkin Arrow
39:25 Paper Money
40:10 Bracer
40:41 Ring Archer Armor
40:51 Stone Shaft Mining
40:35 Elite Rattan Archer
41:46 Ballistics
41:07 Treadmill Crane
42:57 Hoardings
43:00 Squires
42:45 Arson
43:14 Scale Barding Armor
43:09 Scale Mail Armor
43:19 Forging
43:47 Thumb Ring
43:04 Elite Skirmisher
43:59 Guilds
44:20 Coinage
45:46 Two-Man Saw
45:19 Crop Rotation
45:06 Chain Mail Armor
45:11 Chain Barding Armor
45:03 Pikeman
46:40 Caravan
47:10 Banking
46:45 Imperial Skirmisher
49:20 Iron Casting
49:15 Plate Mail Armor
Giong
10:07 Feudal Age
11:41 Double-Bit Axe
14:00 Castle Age
12:48 Horse Collar
21:58 Bow Saw
21:57 Heavy Plow
26:30 Gold Mining
26:32 Stone Mining
29:14 Imperial Age
27:21 Wheelbarrow
26:31 Loom
27:18 Bloodlines
27:09 Husbandry
27:20 Forging
27:58 Gold Shaft Mining
28:37 Scale Barding Armor
29:09 Iron Casting
30:03 Chain Barding Armor
29:15 Heavy Camel Rider
30:57 Blast Furnace
30:40 Conscription
30:25 Town Watch
31:24 Plate Barding Armor
32:19 Two-Man Saw
31:02 Imperial Camel Rider
33:50 Light Cavalry
35:37 Hussar
48:56 Caravan
Connection lost

Rejoining the realm…

Still unreachable

The connection could not be restored.

Session expired

The server has moved on; the page needs a fresh start.